 Dungeon Crawl Stone Soup version 0.30.1-4-g462c640d31 (webtiles) character file.

Game seed: 5170226435548402478

98 Babbit the Trooper (level 4, 0/41 HPs)
             Began as a Minotaur Fighter on Aug 21, 2023.
             Killed from afar by Grinder (8 damage)
             ... with a bolt of dispelling energy
             ... on level 3 of the Dungeon.
             The game lasted 00:05:29 (1324 turns).

Babbit the Trooper (Minotaur Fighter)               Turns: 1324, Time: 00:05:30

Health: 0/41       AC: 13    Str: 23    XL:     4   Next: 44%
Magic:  3/3        EV:  6    Int:  5    God:
Gold:   148        SH:  4    Dex:  9    Spells: 3/3 levels left

rFire   . . .        a - +0 war axe
rCold   . . .        c - +0 buckler
rNeg    . . .        p - +0 plate armour
rPois   +            (helmet restricted)
rElec   .            f - +0 cloak
rCorr   .            (no gloves)
SInv    .            (no boots)
Will    .....        (no amulet) Stlth
                     g - ring of flight
HPRegen 0.26/turn    k - ring of poison resistance
MPRegen 0.08/turn

%: no passive effects
@: flying
A: horns 2, retaliatory headbutt
a: no special abilities


You were on level 3 of the Dungeon.
You visited 1 branch of the dungeon, and saw 3 of its levels.

You collected 148 gold pieces.

Inventory:

Hand Weapons
 a - a +0 war axe (weapon)
Armour
 c - a +0 buckler (worn)
 f - a +0 cloak (worn)
 p - a +0 plate armour (worn)
Jewellery
 g - a ring of flight (left hand)
 k - a ring of poison resistance (right hand)
Scrolls
 e - 2 scrolls of fog
 h - a scroll of silence {unknown}
 l - a scroll of identify
 m - a scroll of fear {unknown}
 n - a scroll of blinking {unknown}
 o - a scroll of immolation {unknown}
 r - a scroll of teleportation {unknown}
Potions
 b - 2 potions of haste
 d - a potion of might
 i - 3 potions of curing
 j - a potion of brilliance {unknown}
 q - a potion of heal wounds {unknown}


   Skills:
 + Level 4.4 Fighting
 + Level 4.0 Axes
 + Level 4.3 Armour
 + Level 0.3 Dodging
 + Level 4.2 Shields


You had 3 spell levels left.
You didn't know any spells.
Your spell library contained the following spells:

 Spells                   Type           Power      Damage    Failure   Level
 Cigotuvi's Dreadful Rot  Necr/Pois/Air  0%         N/A       100%        2
 Dispel Undead            Necr           0%         3d6       100%        4
 Death Channel            Necr           0%         N/A       100%        6


Dungeon Overview and Level Annotations

Branches:
Dungeon (3/15)

Altars:

Annotations:
D:3 Grinder


Innate Abilities, Weirdness & Mutations

You have a pair of horns on your head.
You reflexively headbutt those who attack you in melee.


Message History

The endoplasm hits you but does no damage.
You slash the endoplasm!
You kill the endoplasm!
No target in view!
e - 2 scrolls of fog (gained 1)
You now have 136 gold pieces (gained 3).
A goblin comes into view. It is wielding a +0 dagger.
Found a scroll labelled ESEUXZ ZECOATU.
The goblin shouts!
You hear a shout!
Found 4 gold pieces.
You slash the goblin!
You kill the goblin!
A goblin comes into view. It is wielding a +0 dagger.
Found 12 gold pieces.
The goblin shouts!
You see here a +0 dagger.
The goblin hits you but does no damage.
You completely miss the goblin. The goblin hits you but does no damage.
You closely miss the goblin. You block the goblin's attack.
The goblin barely misses you. You furiously retaliate!
You headbutt the goblin.
You kill the goblin!
m - a scroll labelled NYJEOCV OQOESH
Things that are here:
a +0 dagger; a goblin corpse
r - a scroll labelled ESEUXZ ZECOATU You now have 148 gold pieces (gained 12).
A kobold comes into view. It is wielding a +0 dagger.
Grinder comes into view.
She is carrying a wand of quicksilver (9).
Grinder shouts!
Grinder zaps a wand.
The bolt of dispelling energy hits you!
Grinder zaps a wand.
The bolt of dispelling energy hits you!!
Ouch! That really hurt!
* * * LOW HITPOINT WARNING * * *
The kobold hits you but does no damage.
Okay, then.
The kobold attacks as you move away! You block the kobold's attack.
A rat comes into view.
Grinder zaps a wand.
The bolt of dispelling energy hits you!
You die...

.# ## .... ...
.....#########...
...5...........
...........r.
#.........#
#...?.....#
#......@K.#
#.........#
#...$.....#
##########.........#
.........#.........#
.........#.........#
.........#.........#
.........#....)....#
.........#######)..+


You could see Grinder, a kobold and a rat.

Vanquished Creatures
  5 adders (D:2)
  A worm (D:2)
  A dart slug (D:1)
  An orc (D:3)
  7 endoplasms
  A giant cockroach (D:1)
  5 goblins
  5 hobgoblins
  2 jackals (D:2)
  A quokka (D:1)
  4 ball pythons (D:2)
  A bat (D:2)
  4 frilled lizards
  5 kobolds
  7 rats
50 creatures vanquished.

Notes
Turn   | Place    | Note
-------+----------+-------------------------------------------
     0 | D:1      | Babbit the Minotaur Fighter began the quest for the Orb.
     0 | D:1      | Reached XP level 1. HP: 19/19 MP: 0/0
     8 | D:1      | You fall into a shaft and drop 1 floor!
   120 | D:1      | Reached XP level 2. HP: 27/27 MP: 1/1
   538 | D:1      | Reached XP level 3. HP: 33/33 MP: 2/2
   840 | D:2      | Reached XP level 4. HP: 36/41 MP: 3/3
  1320 | D:3      | Noticed Grinder
  1324 | D:3      | Killed from afar by Grinder

Illustrated notes

Levels and vault maps discovered:
D:1:      dpeg_arrival_tiny_a, layout_loops_ring, minmay_misc_feat_plants,
          minmay_statues_item, chequers_serial_rivers_micro_a,
          minmay_misc_feat_roman
D:2:      layout_basic
D:3:      layout_basic, zin_treasury, nemelex_spade_bored_becter, uniq_grinder

Skill      XL: |  1  2  3  4 |
---------------+-------------+-----
Fighting       | 4 |  4.4
Armour         | 4 |  4.3
Shields        | 4 |  4.2
Axes           | 3 4 |  4.0
Dodging        | |  0.3

Action                     |  1- 3 |  4- 6 || total
---------------------------+-------+-------++-------
  Melee: War axe           |    59 |    26 ||    85
         Headbutt          |    11 |       ||    11
    Use: Scroll            |     2 |     2 ||     4
 Armour: Scale mail        |    26 |     5 ||    31
         Plate armour      |       |    12 ||    12
  Dodge: Dodged            |    28 |    10 ||    38
  Block: Buckler           |     7 |     6 ||    13
